Workbook

Sheet IMAGE-Parung-Panjang

Sheet RAB-Parung-Panjang (L-1)
B1: BILL OF QUANTITY
G2: Jakarta 18 Juni 2024
F5: Nama pemborong / kontraktor | H5: :
F6: Alamat | H6: :
F7: No telephone | H7: : 081XXX
F8: Uraian pekerjaan No | H8: :
F9: Pekerjaan | H9: : RENOVASI
F10: Lokasi | H10: : SAN PROPERTY
H11: : PARUNG PANJANG, BOGOR
B13: NO | C13: URAIAN PEKERJAAN LANTAI 1 | D13: SAT | E13: VOL | F13: HARGA SAT | G13: JUMLAH HARGA | H13: NOTE
F14: (RP) | G14: (RP)
B15: A | C15: PEKERJAAN PERSIAPAN | F15: TOTAL RP: | G15: =SUM(G16:G20) -> 0
C16: Pesiapan & perijinan lingkungan, realestate, P2B dsb | D16: Ls | G16: =F16*E16 -> 0
C17: Pekerjaan pengukuran persiapan dan bouwplank | D17: M² | G17: =F17*E17 -> 0
C18: Pekerjaan stan meter meter PLN
C19: Pekerjaan sumur kerja
B21: B | C21: PEKERJAAN TANAH GALIAN & BOBOKAN | G21: =SUM(G22:G26) -> 0
C22: Galian tanah pondasi & sloof | D22: Ls | F22: 2250000 | G22: =F22*E22 -> 0
C23: Galian tanah jalur AH, AK, ABK | D23: M¹ | F23: 450000 | G23: =F23*E23 -> 0 | H23: PVC type D
C24: Galian tanah sumur septictank
C25: Pekerjaan bobokan | D25: Ls | F25: 350000
B27: C | C27: PEKERJAAN BETON | F27: TOTAL RP: | G27: =SUM(G28:G34) -> 0
C28: Pekerjaan borpile / minipail | D28: Ttk | F28: 3880000 | G28: =F28*E28 -> 0 | H28: pembesian 150kg/M³
C29: Pekerjaan pondasi setempat | D29: M³ | F29: 3880000 | G29: =F29*E29 -> 0 | H29: pembesian 150 kg/M³
C30: Pekerjaan sloof | D30: M³ | F30: 3880000 | G30: =F30*E30 -> 0 | H30: pembesian 150 kg/M³
C31: Pekerjaan kolom | D31: M³ | F31: 5180000 | G31: =F31*E31 -> 0 | H31: pembesian 300 kg/M³
C32: Pekerjaan balok lintol | D32: M¹ | F32: 165000 | G32: =F32*E32 -> 0
C33: Pekerjaan balok lantai 2 | D33: M³ | F33: 4700000 | G33: =F33*E33 -> 0 | H33: pembesian 250 kg/M³
B35: D | C35: PEKERJAAN DINDING | F35: TOTAL RP: | G35: =SUM(G36:G41) -> 0
C36: Pekerjaan pasangan bata peningian dinding | D36: M² | F36: 132400 | G36: =F36*E36 -> 0
C37: Pekerjaan plesteran & acian | D37: M² | F37: 112500 | G37: =F37*E37 -> 0
C38: Pekerjaan dinding partisi | D38: M² | G38: =F38*E38 -> 0
C39: Pekerjaan dinding kaca | D39: M² | G39: =F39*E39 -> 0
C40: Pekerjaan opening pintu dan jendela | D40: Ls | F40: 420000 | G40: =F40*E40 -> 0
B42: E | C42: PEKERJAAN PLAFON +300 | F42: TOTAL RP: | G42: =SUM(G43:G47) -> 0
C43: Pekerjaan rangka plafon | D43: M² | F43: 27500 | G43: =F43*E43 -> 0
C44: Pekerjaan pelapis plafon | D44: M² | F44: 145000 | G44: =F44*E44 -> 0 | H44: c 0,75 + 0,40
C45: Pekerjaan list / shadowline | D45: M² | F45: 125600 | G45: =F45*E45 -> 0
C46: Pekerjaan drop / up ceilling | D46: M¹ | F46: 226000 | G46: =F46*E46 -> 0
B48: F | C48: PEKERJAAN PINTU & JENDELA | F48: TOTAL RP: | G48: =SUM(G49:G52) -> 0
C49: Pekerjaan pintu kayu | D49: M² | F49: 65000 | G49: =F49*E49 -> 0 | H49: holo 2x4 + 4x4 0,35
C50: Pekerjaan jendela kayu | D50: M² | F50: 45000 | G50: =F50*E50 -> 0 | H50: yoshino
C51: Pekerjaan jendela boven kayu | D51: Ls | F51: 1300000 | G51: =F51*E51 -> 0
B53: G | C53: PEKERJAAN MEP | F53: TOTAL RP: | G53: =SUM(G54:G73) -> 0
C54: Instalasi MCB | D54: Group | F54: 175000 | G54: =F54*E54 -> 0 | H54: 6 Group scheneider / setara
C55: Instalasi titik lampu | D55: Ttk | F55: 295000 | G55: =F55*E55 -> 0 | H55: panasonic
C56: Instalasi stop kontak | D56: Ttk | F56: 320000 | G56: =F56*E56 -> 0 | H56: panasonic
C57: Instalasi data | D57: Ttk | G57: =F57*E57 -> 0
C58: Instalasi pipa ac | D58: M² | F58: Existing
C59: Instalasi exhausfan | D59: Ttk | F59: 650000 | G59: =F59*E59 -> 0
C60: Instalasi cctv | D60: Ttk | G60: =F60*E60 -> 0
C61: Instalasi air hujan | D61: M¹ | F61: 24000 | G61: =F61*E61 -> 0 | H61: PVC type D
C62: Instalasi air bekas | D62: M¹ | F62: 32000 | G62: =F62*E62 -> 0 | H62: PVC type D
C63: Instalasi air kotor | D63: M¹ | F63: 28000 | G63: =F63*E63 -> 0 | H63: PVC type D
C64: Instalasi air bersih | D64: M¹ | F64: 16000 | G64: =F64*E64 -> 0 | H64: PVC type AW
C65: Instalasi air panas | G65: =F65*E65 -> 0
C66: Instalasi floordrain | D66: Set | F66: 155000 | G66: =F66*E66 -> 0
C67: Instalasi pompa | D67: Unit | G67: =F67*E67 -> 0
C68: Instalasi shower | D68: Set | G68: =F68*E68 -> 0
C69: Instalasi wastafel | D69: Set | G69: =F69*E69 -> 0
C70: Instalasi kloset | D70: Set | G70: =F70*E70 -> 0
C71: Instalasi synk | D71: Set | G71: =F71*E71 -> 0
C72: Instalasi ground tank / water torn | D72: Set | G72: =F72*E72 -> 0
B74: H | C74: PEKERJAAN KERAMIK | F74: TOTAL RP: | G74: =SUM(G75:G81) -> 0
C75: Pekerjaan pelapis lantai + 0.00 | D75: M² | F75: 120000 | G75: =F75*E75 -> 0 | H75: jasa pekerjaan
C76: Pekerjaan keramik lantai kamar mandi 1 | D76: M² | F76: 120000 | G76: =F76*E76 -> 0 | H76: jasa pekerjaan
C77: Pekerjaan keramik dinding kamar mandi 1 | D77: M² | F77: 135000 | G77: =F77*E77 -> 0 | H77: jasa pekerjaan
C78: Pekerjaan keramik carport | D78: M² | F78: 120000 | G78: =F78*E78 -> 0 | H78: jasa pekerjaan
C79: Pekerjaan pelapis meja | D79: M² | F79: 125000 | G79: =F79*E79 -> 0 | H79: jasa pekerjaan
C80: Pekerjaan pelapis dinding dapur | D80: M² | F80: 135000 | G80: =F80*E80 -> 0 | H80: jasa pekerjaan
B82: I | C82: PEKERJAAN CAT / PELAPIS DINDING | G82: =SUM(G83:G88) -> 0
C83: Pekerjaan cat dinding interior ex dulux | D83: M² | F83: 55000 | G83: =F83*E83 -> 0 | H83: kupas & pengecatan ulang
C84: Pekerjaan cat dinding exterior ex dulux | D84: M² | F84: 75000 | G84: =F84*E84 -> 0 | H84: kupas & pengecatan ulang
C85: Pekerjaan cat plafond ex catylac dulux | D85: M² | F85: 29000 | G85: =F85*E85 -> 0 | H85: kupas & pengecatan ulang
C86: Pekerjaan wall paper | D86: M² | G86: =F86*E86 -> 0
C87: Pekerjaan wall panel | D87: M² | G87: =F87*E87 -> 0
B89: J | C89: PEKERJAAN BESI DAN ALUMUNIUM | G89: =SUM(G90:G96) -> 0
C90: Pekerjaan pintu besi | G90: =F90*E90 -> 0
C91: Pekerjaan pintu kawat nyamuk | G91: =F91*E91 -> 0
C92: Pekerjaan teralis | G92: =F92*E92 -> 0
C93: Pekerjaan canopy | G93: =F93*E93 -> 0
C94: Pekerjaan pintu alumunium | G94: =F94*E94 -> 0
C95: Pekerjaan jendela alumunium | D95: Ls | F95: 350000 | G95: =F95*E95 -> 0 | H95: bongkar pasang existing
B97: K | C97: PEKERJAAN LAIN-LAIN | G97: =SUM(G98:G101) -> 0
F102: TOTAL RP: | G102: =SUM(G97,G89,G82,G74,G48,G53,G42,G35,G27,G21,G15) -> 0
C106: REAL COST | G106: =G102 -> 0
C107: OPERASIONAL DAN LOGISTIC | E107: 0 | G107: =G106*E107 -> 0
C108: PPn | E108: 0 | G108: =E108*G106 -> 0
C109: JUMLAH | G109: =SUM(G108+G107+G106) -> 0
C110: DIBULATKAN | G110: =ROUNDDOWN(G109,-3) -> 0
C112: TERBILANG : # .................... #
C114: CATATAN :
C115: TIDAK TERMASUK PENGURUSAN IMB & PERIJINAN LAINYA
C116: TIDAK TERMASUK PPN,PPH,PUNGUTAN LINGKUNGAN & PAJAK LAINYA
C117: PENAWARAN BERLAKU 14 HARI
C118: JANGKA WAKTU PELAKSANAAN 100 HARI KERJA
C119: GARANSI PERBAIKAN BERLAKU 1 ( SATU ) TAHUN
C120: DOWNPAYMENT DAN PEMBAYARAN BERIKUTNYA SESUAI PROGRES PEKERJAAN
C121: PEMBAYARAN MELALUI BANK TRANSFER ( BCA 3991265706 An. YASTIKO ARNO )
C125: HORMAT KAMI | E125: MENYETUJUI | H125: MENGETAHUI
...

Sheet RAB-Parung-Panjang (L-2)
B1: BILL OF QUANTITY
G2: Jakarta 18 Juni 2024
F5: Nama pemborong / kontraktor | H5: :
F6: Alamat | H6: :
F7: No telephone | H7: : 081XXX
F8: Uraian pekerjaan No | H8: :
F9: Pekerjaan | H9: : RENOVASI
F10: Lokasi | H10: : SAN PROPERTY
H11: : PARUNG PANJANG, BOGOR
B13: NO | C13: URAIAN PEKERJAAN LANTAI 1 | D13: SAT | E13: VOL | F13: HARGA SAT | G13: JUMLAH HARGA | H13: NOTE
F14: (RP) | G14: (RP)
B15: A | C15: PEKERJAAN PERSIAPAN | F15: TOTAL RP: | G15: =SUM(G16:G20) -> 0
C16: Pesiapan & perijinan lingkungan, realestate, P2B dsb | D16: Ls | G16: =F16*E16 -> 0
C17: Pekerjaan pengukuran persiapan dan bouwplank | D17: M² | G17: =F17*E17 -> 0
C18: Pekerjaan stan meter meter PLN
C19: Pekerjaan sumur kerja
B21: B | C21: PEKERJAAN TANAH GALIAN & BOBOKAN | G21: =SUM(G22:G26) -> 0
C22: Galian tanah pondasi & sloof | D22: Ls | F22: 2250000 | G22: =F22*E22 -> 0
C23: Galian tanah jalur AH, AK, ABK | D23: M¹ | F23: 450000 | G23: =F23*E23 -> 0 | H23: PVC type D
C24: Galian tanah sumur septictank
C25: Pekerjaan bobokan | D25: Ls | F25: 350000
B27: C | C27: PEKERJAAN BETON | F27: TOTAL RP: | G27: =SUM(G28:G34) -> 0
C28: Pekerjaan borpile / minipail | D28: Ttk | F28: 3880000 | G28: =F28*E28 -> 0 | H28: pembesian 150kg/M³
C29: Pekerjaan pondasi setempat | D29: M³ | F29: 3880000 | G29: =F29*E29 -> 0 | H29: pembesian 150 kg/M³
C30: Pekerjaan sloof | D30: M³ | F30: 3880000 | G30: =F30*E30 -> 0 | H30: pembesian 150 kg/M³
C31: Pekerjaan kolom | D31: M³ | F31: 5180000 | G31: =F31*E31 -> 0 | H31: pembesian 300 kg/M³
C32: Pekerjaan balok lintol | D32: M¹ | F32: 165000 | G32: =F32*E32 -> 0
C33: Pekerjaan balok lantai 2 | D33: M³ | F33: 4700000 | G33: =F33*E33 -> 0 | H33: pembesian 250 kg/M³
B35: D | C35: PEKERJAAN DINDING | F35: TOTAL RP: | G35: =SUM(G36:G41) -> 0
C36: Pekerjaan pasangan bata peningian dinding | D36: M² | F36: 132400 | G36: =F36*E36 -> 0
C37: Pekerjaan plesteran & acian | D37: M² | F37: 112500 | G37: =F37*E37 -> 0
C38: Pekerjaan dinding partisi | D38: M² | G38: =F38*E38 -> 0
C39: Pekerjaan dinding kaca | D39: M² | G39: =F39*E39 -> 0
C40: Pekerjaan opening pintu dan jendela | D40: Ls | F40: 420000 | G40: =F40*E40 -> 0
B42: E | C42: PEKERJAAN ATAP | F42: TOTAL RP: | G42: =SUM(G43:G49) -> 0
C43: Pekerjaan bongkaran atap | D43: M² | F43: 27500 | G43: =F43*E43 -> 0
C44: Pekerjaan rangka atap baja ringan | D44: M² | F44: 145000 | G44: =F44*E44 -> 0 | H44: c 0,75 + 0,40
C45: Pekerjaan penutup atap genteng beton flat | D45: M² | F45: 125600 | G45: =F45*E45 -> 0
C46: Pekerjaan nok | D46: M¹ | F46: 226000 | G46: =F46*E46 -> 0
C47: Pekerjaan roofdrain | D47: Ttk | F47: 135000 | G47: =F47*E47 -> 0
C48: Pekerjaan waterprofing coating | D48: M² | F48: 47500 | G48: =F48*E48 -> 0 | H48: aquaproof
B50: F | C50: PEKERJAAN PLAFON | F50: TOTAL RP: | G50: =SUM(G51:G55) -> 0
C51: Pekerjaan plafon + 3.50 | D51: M² | F51: 65000 | G51: =F51*E51 -> 0 | H51: holo 2x4 + 4x4 0,35
C52: Pekerjaan pelapis plafon | D52: M² | F52: 45000 | G52: =F52*E52 -> 0 | H52: yoshino
C53: Pekerjaan list / shadowline | D53: Ls | F53: 1300000 | G53: =F53*E53 -> 0
C54: Pekerjaan drop / up ceilling | D54: Ls | F54: 1250000 | G54: =F54*E54 -> 0
B56: G | C56: PEKERJAAN MEP | F56: TOTAL RP: | G56: =SUM(G57:G76) -> 0
C57: Instalasi MCB | D57: Group | F57: 175000 | G57: =F57*E57 -> 0 | H57: 6 Group scheneider / setara
C58: Instalasi titik lampu | D58: Ttk | F58: 295000 | G58: =F58*E58 -> 0 | H58: panasonic
C59: Instalasi stop kontak | D59: Ttk | F59: 320000 | G59: =F59*E59 -> 0 | H59: panasonic
C60: Instalasi data | D60: Ttk | G60: =F60*E60 -> 0
C61: Instalasi pipa ac | D61: M² | F61: Existing
C62: Instalasi exhausfan | D62: Ttk | F62: 650000 | G62: =F62*E62 -> 0
C63: Instalasi cctv | D63: Ttk | G63: =F63*E63 -> 0
C64: Instalasi air hujan | D64: M¹ | F64: 24000 | G64: =F64*E64 -> 0 | H64: PVC type D
C65: Instalasi air bekas | D65: M¹ | F65: 32000 | G65: =F65*E65 -> 0 | H65: PVC type D
C66: Instalasi air kotor | D66: M¹ | F66: 28000 | G66: =F66*E66 -> 0 | H66: PVC type D
C67: Instalasi air bersih | D67: M¹ | F67: 16000 | G67: =F67*E67 -> 0 | H67: PVC type AW
C68: Instalasi air panas | G68: =F68*E68 -> 0
C69: Instalasi floordrain | D69: Set | F69: 155000 | G69: =F69*E69 -> 0
C70: Instalasi pompa | D70: Unit | G70: =F70*E70 -> 0
C71: Instalasi shower | D71: Set | G71: =F71*E71 -> 0
C72: Instalasi wastafel | D72: Set | G72: =F72*E72 -> 0
C73: Instalasi kloset | D73: Set | G73: =F73*E73 -> 0
C74: Instalasi synk | D74: Set | G74: =F74*E74 -> 0
C75: Instalasi ground tank / water torn | D75: Set | G75: =F75*E75 -> 0
B77: H | C77: PEKERJAAN KERAMIK | F77: TOTAL RP: | G77: =SUM(G78:G84) -> 0
C78: Pekerjaan pelapis lantai + 0.00 | D78: M² | F78: 120000 | G78: =F78*E78 -> 0 | H78: jasa pekerjaan
C79: Pekerjaan keramik lantai kamar mandi 1 | D79: M² | F79: 120000 | G79: =F79*E79 -> 0 | H79: jasa pekerjaan
C80: Pekerjaan keramik dinding kamar mandi 1 | D80: M² | F80: 135000 | G80: =F80*E80 -> 0 | H80: jasa pekerjaan
C81: Pekerjaan keramik carport | D81: M² | F81: 120000 | G81: =F81*E81 -> 0 | H81: jasa pekerjaan
C82: Pekerjaan pelapis meja | D82: M² | F82: 125000 | G82: =F82*E82 -> 0 | H82: jasa pekerjaan
C83: Pekerjaan pelapis dinding dapur | D83: M² | F83: 135000 | G83: =F83*E83 -> 0 | H83: jasa pekerjaan
B85: I | C85: PEKERJAAN CAT / PELAPIS DINDING | G85: =SUM(G86:G91) -> 0
C86: Pekerjaan cat dinding interior ex dulux | D86: M² | F86: 55000 | G86: =F86*E86 -> 0 | H86: kupas & pengecatan ulang
C87: Pekerjaan cat dinding exterior ex dulux | D87: M² | F87: 75000 | G87: =F87*E87 -> 0 | H87: kupas & pengecatan ulang
C88: Pekerjaan cat plafond ex catylac dulux | D88: M² | F88: 29000 | G88: =F88*E88 -> 0 | H88: kupas & pengecatan ulang
C89: Pekerjaan wall paper | D89: M² | G89: =F89*E89 -> 0
C90: Pekerjaan wall panel | D90: M² | G90: =F90*E90 -> 0
B92: J | C92: PEKERJAAN BESI DAN ALUMUNIUM | G92: =SUM(G93:G99) -> 0
C93: Pekerjaan pintu besi | G93: =F93*E93 -> 0
C94: Pekerjaan pintu kawat nyamuk | G94: =F94*E94 -> 0
C95: Pekerjaan teralis | G95: =F95*E95 -> 0
C96: Pekerjaan canopy | G96: =F96*E96 -> 0
C97: Pekerjaan pintu alumunium | G97: =F97*E97 -> 0
C98: Pekerjaan jendela alumunium | D98: Ls | F98: 350000 | G98: =F98*E98 -> 0 | H98: bongkar pasang existing
B100: K | C100: PEKERJAAN LAIN-LAIN | G100: =SUM(G101:G104) -> 0
F105: TOTAL RP: | G105: =SUM(G100,G92,G85,G77,G50,G56,G42,G35,G27,G21,G15) -> 0
C109: REAL COST | G109: =G105 -> 0
C110: OPERASIONAL DAN LOGISTIC | E110: 0 | G110: =G109*E110 -> 0
C111: PPn | E111: 0 | G111: =E111*G109 -> 0
C112: JUMLAH | G112: =SUM(G111+G110+G109) -> 0
C113: DIBULATKAN | G113: =ROUNDDOWN(G112,-3) -> 0
C115: TERBILANG : # ..................... #
C117: CATATAN :
C118: TIDAK TERMASUK PENGURUSAN IMB & PERIJINAN LAINYA
C119: TIDAK TERMASUK PPN,PPH,PUNGUTAN LINGKUNGAN & PAJAK LAINYA
C120: PENAWARAN BERLAKU 14 HARI
C121: JANGKA WAKTU PELAKSANAAN 100 HARI KERJA
C122: GARANSI PERBAIKAN BERLAKU 1 ( SATU ) TAHUN
...

Sheet RAB-Parung-Panjang (L-3)
B1: BILL OF QUANTITY
G2: Jakarta 18 Juni 2024
F5: Nama pemborong / kontraktor | H5: :
F6: Alamat | H6: :
F7: No telephone | H7: : 081XXX
F8: Uraian pekerjaan No | H8: :
F9: Pekerjaan | H9: : RENOVASI
F10: Lokasi | H10: : SAN PROPERTY
H11: : PARUNG PANJANG, BOGOR
B13: NO | C13: URAIAN PEKERJAAN LANTAI 1 | D13: SAT | E13: VOL | F13: HARGA SAT | G13: JUMLAH HARGA | H13: NOTE
F14: (RP) | G14: (RP)
B15: A | C15: PEKERJAAN PERSIAPAN | F15: TOTAL RP: | G15: =SUM(G16:G20) -> 0
C16: Pesiapan & perijinan lingkungan, realestate, P2B dsb | D16: Ls | G16: =F16*E16 -> 0
C17: Pekerjaan pengukuran persiapan dan bouwplank | D17: M² | G17: =F17*E17 -> 0
C18: Pekerjaan stan meter meter PLN
C19: Pekerjaan sumur kerja
B21: B | C21: PEKERJAAN TANAH GALIAN & BOBOKAN | G21: =SUM(G22:G26) -> 0
C22: Galian tanah pondasi & sloof | D22: Ls | F22: 2250000 | G22: =F22*E22 -> 0
C23: Galian tanah jalur AH, AK, ABK | D23: M¹ | F23: 450000 | G23: =F23*E23 -> 0 | H23: PVC type D
C24: Galian tanah sumur septictank
C25: Pekerjaan bobokan | D25: Ls | F25: 350000
B27: C | C27: PEKERJAAN BETON | F27: TOTAL RP: | G27: =SUM(G28:G34) -> 0
C28: Pekerjaan borpile / minipail | D28: Ttk | F28: 3880000 | G28: =F28*E28 -> 0 | H28: pembesian 150kg/M³
C29: Pekerjaan pondasi setempat | D29: M³ | F29: 3880000 | G29: =F29*E29 -> 0 | H29: pembesian 150 kg/M³
C30: Pekerjaan sloof | D30: M³ | F30: 3880000 | G30: =F30*E30 -> 0 | H30: pembesian 150 kg/M³
C31: Pekerjaan kolom | D31: M³ | F31: 5180000 | G31: =F31*E31 -> 0 | H31: pembesian 300 kg/M³
C32: Pekerjaan balok lintol | D32: M¹ | F32: 165000 | G32: =F32*E32 -> 0
C33: Pekerjaan balok lantai 2 | D33: M³ | F33: 4700000 | G33: =F33*E33 -> 0 | H33: pembesian 250 kg/M³
B35: D | C35: PEKERJAAN DINDING | F35: TOTAL RP: | G35: =SUM(G36:G41) -> 0
C36: Pekerjaan pasangan bata peningian dinding | D36: M² | F36: 132400 | G36: =F36*E36 -> 0
C37: Pekerjaan plesteran & acian | D37: M² | F37: 112500 | G37: =F37*E37 -> 0
C38: Pekerjaan dinding partisi | D38: M² | G38: =F38*E38 -> 0
C39: Pekerjaan dinding kaca | D39: M² | G39: =F39*E39 -> 0
C40: Pekerjaan opening pintu dan jendela | D40: Ls | F40: 420000 | G40: =F40*E40 -> 0
B42: E | C42: PEKERJAAN ATAP | F42: TOTAL RP: | G42: =SUM(G43:G49) -> 0
C43: Pekerjaan bongkaran atap | D43: M² | F43: 27500 | G43: =F43*E43 -> 0
C44: Pekerjaan rangka atap baja ringan | D44: M² | F44: 145000 | G44: =F44*E44 -> 0 | H44: c 0,75 + 0,40
C45: Pekerjaan penutup atap genteng beton flat | D45: M² | F45: 125600 | G45: =F45*E45 -> 0
C46: Pekerjaan nok | D46: M¹ | F46: 226000 | G46: =F46*E46 -> 0
C47: Pekerjaan roofdrain | D47: Ttk | F47: 135000 | G47: =F47*E47 -> 0
C48: Pekerjaan waterprofing coating | D48: M² | F48: 47500 | G48: =F48*E48 -> 0 | H48: aquaproof
B50: F | C50: PEKERJAAN PLAFON | F50: TOTAL RP: | G50: =SUM(G51:G55) -> 0
C51: Pekerjaan plafon + 3.50 | D51: M² | F51: 65000 | G51: =F51*E51 -> 0 | H51: holo 2x4 + 4x4 0,35
C52: Pekerjaan pelapis plafon | D52: M² | F52: 45000 | G52: =F52*E52 -> 0 | H52: yoshino
C53: Pekerjaan list / shadowline | D53: Ls | F53: 1300000 | G53: =F53*E53 -> 0
C54: Pekerjaan drop / up ceilling | D54: Ls | F54: 1250000 | G54: =F54*E54 -> 0
B56: G | C56: PEKERJAAN MEP | F56: TOTAL RP: | G56: =SUM(G57:G76) -> 0
C57: Instalasi MCB | D57: Group | F57: 175000 | G57: =F57*E57 -> 0 | H57: 6 Group scheneider / setara
C58: Instalasi titik lampu | D58: Ttk | F58: 295000 | G58: =F58*E58 -> 0 | H58: panasonic
C59: Instalasi stop kontak | D59: Ttk | F59: 320000 | G59: =F59*E59 -> 0 | H59: panasonic
C60: Instalasi data | D60: Ttk | G60: =F60*E60 -> 0
C61: Instalasi pipa ac | D61: M² | F61: Existing
C62: Instalasi exhausfan | D62: Ttk | F62: 650000 | G62: =F62*E62 -> 0
C63: Instalasi cctv | D63: Ttk | G63: =F63*E63 -> 0
C64: Instalasi air hujan | D64: M¹ | F64: 24000 | G64: =F64*E64 -> 0 | H64: PVC type D
C65: Instalasi air bekas | D65: M¹ | F65: 32000 | G65: =F65*E65 -> 0 | H65: PVC type D
C66: Instalasi air kotor | D66: M¹ | F66: 28000 | G66: =F66*E66 -> 0 | H66: PVC type D
C67: Instalasi air bersih | D67: M¹ | F67: 16000 | G67: =F67*E67 -> 0 | H67: PVC type AW
C68: Instalasi air panas | G68: =F68*E68 -> 0
C69: Instalasi floordrain | D69: Set | F69: 155000 | G69: =F69*E69 -> 0
C70: Instalasi pompa | D70: Unit | G70: =F70*E70 -> 0
C71: Instalasi shower | D71: Set | G71: =F71*E71 -> 0
C72: Instalasi wastafel | D72: Set | G72: =F72*E72 -> 0
C73: Instalasi kloset | D73: Set | G73: =F73*E73 -> 0
C74: Instalasi synk | D74: Set | G74: =F74*E74 -> 0
C75: Instalasi ground tank / water torn | D75: Set | G75: =F75*E75 -> 0
B77: H | C77: PEKERJAAN KERAMIK | F77: TOTAL RP: | G77: =SUM(G78:G84) -> 0
C78: Pekerjaan pelapis lantai + 0.00 | D78: M² | F78: 120000 | G78: =F78*E78 -> 0 | H78: jasa pekerjaan
C79: Pekerjaan keramik lantai kamar mandi 1 | D79: M² | F79: 120000 | G79: =F79*E79 -> 0 | H79: jasa pekerjaan
C80: Pekerjaan keramik dinding kamar mandi 1 | D80: M² | F80: 135000 | G80: =F80*E80 -> 0 | H80: jasa pekerjaan
C81: Pekerjaan keramik carport | D81: M² | F81: 120000 | G81: =F81*E81 -> 0 | H81: jasa pekerjaan
C82: Pekerjaan pelapis meja | D82: M² | F82: 125000 | G82: =F82*E82 -> 0 | H82: jasa pekerjaan
C83: Pekerjaan pelapis dinding dapur | D83: M² | F83: 135000 | G83: =F83*E83 -> 0 | H83: jasa pekerjaan
B85: I | C85: PEKERJAAN CAT / PELAPIS DINDING | G85: =SUM(G86:G91) -> 0
C86: Pekerjaan cat dinding interior ex dulux | D86: M² | F86: 55000 | G86: =F86*E86 -> 0 | H86: kupas & pengecatan ulang
C87: Pekerjaan cat dinding exterior ex dulux | D87: M² | F87: 75000 | G87: =F87*E87 -> 0 | H87: kupas & pengecatan ulang
C88: Pekerjaan cat plafond ex catylac dulux | D88: M² | F88: 29000 | G88: =F88*E88 -> 0 | H88: kupas & pengecatan ulang
C89: Pekerjaan wall paper | D89: M² | G89: =F89*E89 -> 0
C90: Pekerjaan wall panel | D90: M² | G90: =F90*E90 -> 0
B92: J | C92: PEKERJAAN BESI DAN ALUMUNIUM | G92: =SUM(G93:G99) -> 0
C93: Pekerjaan pintu besi | G93: =F93*E93 -> 0
C94: Pekerjaan pintu kawat nyamuk | G94: =F94*E94 -> 0
C95: Pekerjaan teralis | G95: =F95*E95 -> 0
C96: Pekerjaan canopy | G96: =F96*E96 -> 0
C97: Pekerjaan pintu alumunium | G97: =F97*E97 -> 0
C98: Pekerjaan jendela alumunium | D98: Ls | F98: 350000 | G98: =F98*E98 -> 0 | H98: bongkar pasang existing
B100: K | C100: PEKERJAAN LAIN-LAIN | G100: =SUM(G101:G104) -> 0
F105: TOTAL RP: | G105: =SUM(G100,G92,G85,G77,G50,G56,G42,G35,G27,G21,G15) -> 0
C109: REAL COST | G109: =G105 -> 0
C110: OPERASIONAL DAN LOGISTIC | E110: 0 | G110: =G109*E110 -> 0
C111: PPn | E111: 0 | G111: =E111*G109 -> 0
C112: JUMLAH | G112: =SUM(G111+G110+G109) -> 0
C113: DIBULATKAN | G113: =ROUNDDOWN(G112,-3) -> 0
C115: TERBILANG : # ........................ #
C117: CATATAN :
C118: TIDAK TERMASUK PENGURUSAN IMB & PERIJINAN LAINYA
C119: TIDAK TERMASUK PPN,PPH,PUNGUTAN LINGKUNGAN & PAJAK LAINYA
C120: PENAWARAN BERLAKU 14 HARI
C121: JANGKA WAKTU PELAKSANAAN 100 HARI KERJA
C122: GARANSI PERBAIKAN BERLAKU 1 ( SATU ) TAHUN
...

Sheet RAB-Parung-Panjang (L-4)
B1: BILL OF QUANTITY
G2: Jakarta 18 Juni 2024
F5: Nama pemborong / kontraktor | H5: :
F6: Alamat | H6: :
F7: No telephone | H7: : 081XXX
F8: Uraian pekerjaan No | H8: :
F9: Pekerjaan | H9: : RENOVASI
F10: Lokasi | H10: : SAN PROPERTY
H11: : PARUNG PANJANG, BOGOR
B13: NO | C13: URAIAN PEKERJAAN LANTAI 1 | D13: SAT | E13: VOL | F13: HARGA SAT | G13: JUMLAH HARGA | H13: NOTE
F14: (RP) | G14: (RP)
B15: A | C15: PEKERJAAN PERSIAPAN | F15: TOTAL RP: | G15: =SUM(G16:G20) -> 0
C16: Pesiapan & perijinan lingkungan, realestate, P2B dsb | D16: Ls | G16: =F16*E16 -> 0
C17: Pekerjaan pengukuran persiapan dan bouwplank | D17: M² | G17: =F17*E17 -> 0
C18: Pekerjaan stan meter meter PLN
C19: Pekerjaan sumur kerja
B21: B | C21: PEKERJAAN TANAH GALIAN & BOBOKAN | G21: =SUM(G22:G26) -> 0
C22: Galian tanah pondasi & sloof | D22: Ls | F22: 2250000 | G22: =F22*E22 -> 0
C23: Galian tanah jalur AH, AK, ABK | D23: M¹ | F23: 450000 | G23: =F23*E23 -> 0 | H23: PVC type D
C24: Galian tanah sumur septictank
C25: Pekerjaan bobokan | D25: Ls | F25: 350000
B27: C | C27: PEKERJAAN BETON | F27: TOTAL RP: | G27: =SUM(G28:G34) -> 0
C28: Pekerjaan borpile / minipail | D28: Ttk | F28: 3880000 | G28: =F28*E28 -> 0 | H28: pembesian 150kg/M³
C29: Pekerjaan pondasi setempat | D29: M³ | F29: 3880000 | G29: =F29*E29 -> 0 | H29: pembesian 150 kg/M³
C30: Pekerjaan sloof | D30: M³ | F30: 3880000 | G30: =F30*E30 -> 0 | H30: pembesian 150 kg/M³
C31: Pekerjaan kolom | D31: M³ | F31: 5180000 | G31: =F31*E31 -> 0 | H31: pembesian 300 kg/M³
C32: Pekerjaan balok lintol | D32: M¹ | F32: 165000 | G32: =F32*E32 -> 0
C33: Pekerjaan balok lantai 2 | D33: M³ | F33: 4700000 | G33: =F33*E33 -> 0 | H33: pembesian 250 kg/M³
B35: D | C35: PEKERJAAN DINDING | F35: TOTAL RP: | G35: =SUM(G36:G41) -> 0
C36: Pekerjaan pasangan bata peningian dinding | D36: M² | F36: 132400 | G36: =F36*E36 -> 0
C37: Pekerjaan plesteran & acian | D37: M² | F37: 112500 | G37: =F37*E37 -> 0
C38: Pekerjaan dinding partisi | D38: M² | G38: =F38*E38 -> 0
C39: Pekerjaan dinding kaca | D39: M² | G39: =F39*E39 -> 0
C40: Pekerjaan opening pintu dan jendela | D40: Ls | F40: 420000 | G40: =F40*E40 -> 0
B42: E | C42: PEKERJAAN PLAFON + 3.00 | F42: TOTAL RP: | G42: =SUM(G43:G47) -> 0
C43: Pekerjaan rangka plafon | D43: M² | F43: 65000 | G43: =F43*E43 -> 0
C44: Pekerjaan pelapis plafon | D44: M² | F44: 45000 | G44: =F44*E44 -> 0 | H44: c 0,75 + 0,40
C45: Pekerjaan list / shadowline | D45: M² | F45: 1300000 | G45: =F45*E45 -> 0
C46: Pekerjaan drop / up ceilling | D46: M¹ | F46: 1250000 | G46: =F46*E46 -> 0
B48: F | C48: PEKERJAAN PINTU & JENDELA | F48: TOTAL RP: | G48: =SUM(G49:G52) -> 0
C49: Pekerjaan pintu kayu | D49: Unit | F49: 65000 | G49: =F49*E49 -> 0 | H49: holo 2x4 + 4x4 0,35
C50: Pekerjaan jendela kayu | D50: Unit | F50: 45000 | G50: =F50*E50 -> 0 | H50: yoshino
C51: Pekerjaan jendela boven kayu | D51: Unit | F51: 1300000 | G51: =F51*E51 -> 0
B53: G | C53: PEKERJAAN MEP | F53: TOTAL RP: | G53: =SUM(G54:G73) -> 0
C54: Instalasi MCB | D54: Group | F54: 175000 | G54: =F54*E54 -> 0 | H54: 6 Group scheneider / setara
C55: Instalasi titik lampu | D55: Ttk | F55: 295000 | G55: =F55*E55 -> 0 | H55: panasonic
C56: Instalasi stop kontak | D56: Ttk | F56: 320000 | G56: =F56*E56 -> 0 | H56: panasonic
C57: Instalasi data | D57: Ttk | G57: =F57*E57 -> 0
C58: Instalasi pipa ac | D58: M² | F58: Existing
C59: Instalasi exhausfan | D59: Ttk | F59: 650000 | G59: =F59*E59 -> 0
C60: Instalasi cctv | D60: Ttk | G60: =F60*E60 -> 0
C61: Instalasi air hujan | D61: M¹ | F61: 24000 | G61: =F61*E61 -> 0 | H61: PVC type D
C62: Instalasi air bekas | D62: M¹ | F62: 32000 | G62: =F62*E62 -> 0 | H62: PVC type D
C63: Instalasi air kotor | D63: M¹ | F63: 28000 | G63: =F63*E63 -> 0 | H63: PVC type D
C64: Instalasi air bersih | D64: M¹ | F64: 16000 | G64: =F64*E64 -> 0 | H64: PVC type AW
C65: Instalasi air panas | G65: =F65*E65 -> 0
C66: Instalasi floordrain | D66: Set | F66: 155000 | G66: =F66*E66 -> 0
C67: Instalasi pompa | D67: Unit | G67: =F67*E67 -> 0
C68: Instalasi shower | D68: Set | G68: =F68*E68 -> 0
C69: Instalasi wastafel | D69: Set | G69: =F69*E69 -> 0
C70: Instalasi kloset | D70: Set | G70: =F70*E70 -> 0
C71: Instalasi synk | D71: Set | G71: =F71*E71 -> 0
C72: Instalasi ground tank / water torn | D72: Set | G72: =F72*E72 -> 0
B74: H | C74: PEKERJAAN KERAMIK | F74: TOTAL RP: | G74: =SUM(G75:G81) -> 0
C75: Pekerjaan pelapis lantai + 0.00 | D75: M² | F75: 120000 | G75: =F75*E75 -> 0 | H75: jasa pekerjaan
C76: Pekerjaan keramik lantai kamar mandi 1 | D76: M² | F76: 120000 | G76: =F76*E76 -> 0 | H76: jasa pekerjaan
C77: Pekerjaan keramik dinding kamar mandi 1 | D77: M² | F77: 135000 | G77: =F77*E77 -> 0 | H77: jasa pekerjaan
C78: Pekerjaan keramik carport | D78: M² | F78: 120000 | G78: =F78*E78 -> 0 | H78: jasa pekerjaan
C79: Pekerjaan pelapis meja | D79: M² | F79: 125000 | G79: =F79*E79 -> 0 | H79: jasa pekerjaan
C80: Pekerjaan pelapis dinding dapur | D80: M² | F80: 135000 | G80: =F80*E80 -> 0 | H80: jasa pekerjaan
B82: I | C82: PEKERJAAN CAT / PELAPIS DINDING | G82: =SUM(G83:G88) -> 0
C83: Pekerjaan cat dinding interior ex dulux | D83: M² | F83: 55000 | G83: =F83*E83 -> 0 | H83: kupas & pengecatan ulang
C84: Pekerjaan cat dinding exterior ex dulux | D84: M² | F84: 75000 | G84: =F84*E84 -> 0 | H84: kupas & pengecatan ulang
C85: Pekerjaan cat plafond ex catylac dulux | D85: M² | F85: 29000 | G85: =F85*E85 -> 0 | H85: kupas & pengecatan ulang
C86: Pekerjaan wall paper | D86: M² | G86: =F86*E86 -> 0
C87: Pekerjaan wall panel | D87: M² | G87: =F87*E87 -> 0
B89: J | C89: PEKERJAAN BESI DAN ALUMUNIUM | G89: =SUM(G90:G96) -> 0
C90: Pekerjaan pintu besi | G90: =F90*E90 -> 0
C91: Pekerjaan pintu kawat nyamuk | G91: =F91*E91 -> 0
C92: Pekerjaan teralis | G92: =F92*E92 -> 0
C93: Pekerjaan canopy | G93: =F93*E93 -> 0
C94: Pekerjaan pintu alumunium | G94: =F94*E94 -> 0
C95: Pekerjaan jendela alumunium | D95: Ls | F95: 350000 | G95: =F95*E95 -> 0 | H95: bongkar pasang existing
B97: K | C97: PEKERJAAN LAIN-LAIN | G97: =SUM(G98:G101) -> 0
F102: TOTAL RP: | G102: =SUM(G97,G89,G82,G74,G48,G53,G42,G35,G27,G21,G15) -> 0
C106: REAL COST | G106: =G102 -> 0
C107: OPERASIONAL DAN LOGISTIC | E107: 0 | G107: =G106*E107 -> 0
C108: PPn | E108: 0 | G108: =E108*G106 -> 0
C109: JUMLAH | G109: =SUM(G108+G107+G106) -> 0
C110: DIBULATKAN | G110: =ROUNDDOWN(G109,-3) -> 0
C112: TERBILANG : # ............................ #
C114: CATATAN :
C115: TIDAK TERMASUK PENGURUSAN IMB & PERIJINAN LAINYA
C116: TIDAK TERMASUK PPN,PPH,PUNGUTAN LINGKUNGAN & PAJAK LAINYA
C117: PENAWARAN BERLAKU 14 HARI
C118: JANGKA WAKTU PELAKSANAAN 100 HARI KERJA
C119: GARANSI PERBAIKAN BERLAKU 1 ( SATU ) TAHUN
C120: DOWNPAYMENT DAN PEMBAYARAN BERIKUTNYA SESUAI PROGRES PEKERJAAN
C121: PEMBAYARAN MELALUI BANK TRANSFER ( BCA 3991265706 An. YASTIKO ARNO )
C125: HORMAT KAMI | E125: MENYETUJUI | H125: MENGETAHUI
...

Sheet RAB-Parung-Panjang-Additional
B1: BILL OF QUANTITY / ADDITIONAL
G2: ='RAB-Parung-Panjang (L-1)'!G2 -> Jakarta 18 Juni 2024
E5: Nama pemborong / kontraktor | H5: :
E6: Alamat | H6: :
E7: No telephone | H7: : 081XXX
E8: Uraian pekerjaan no | H8: :
E9: Pekerjaan | H9: ='RAB-Parung-Panjang (L-1)'!H9 -> : RENOVASI
E10: Lokasi | H10: ='RAB-Parung-Panjang (L-1)'!H10 -> : SAN PROPERTY
H11: ='RAB-Parung-Panjang (L-1)'!H11 -> : PARUNG PANJANG, BOGOR
B13: NO | C13: URAIAN PEKERJAAN | D13: SAT | E13: VOL | F13: HARGA SAT | G13: JUMLAH HARGA | H13: NOTE
F14: (RP) | G14: (RP)
B15: A | C15: PEKERJAAN AREA UTAMA CH | F15: TOTAL RP: | G15: =SUM(G16:G31) -> 3183300
C16: Pekerjaan cat plitur meja 340 x 60 x 80 | D16: M¹ | E16: 3.4 | F16: 44000 | G16: =F16*E16 -> 149600
C17: Pekerjaan cat plitur meja tv 150 x 45 x 100 | D17: M¹ | E17: 1.5 | F17: 44000 | G17: =F17*E17 -> 66000
C18: Pekerjaan cat plitur meja 253 x 65 x 120 | D18: M¹ | E18: 2.53 | F18: 44000 | G18: =F18*E18 -> 111320
C19: Pekerjaan cat plitur panel dinding 240 x 270 | D19: M² | E19: 6.48 | F19: 22000 | G19: =F19*E19 -> 142560
C20: Pekerjaan cat plitur panel dinding 384 x 250 | D20: M² | E20: 9.6 | F20: 22000 | G20: =F20*E20 -> 211200
C21: Pekerjaan cat plitur box lampu | D21: Ls | E21: 1 | F21: 75000 | G21: =F21*E21 -> 75000
C22: Pekerjaan cat plitur pintu kantor | D22: Unit | E22: 1 | F22: 75000 | G22: =F22*E22 -> 75000
C23: Pekerjaan cat lantai akses masuk jalan utama | D23: M² | E23: 20.7 | F23: 22000 | G23: =F23*E23 -> 455400
C24: Pekerjaan cat lantai teras akses masuk jalan utama | D24: M² | E24: 6.01 | F24: 22000 | G24: =F24*E24 -> 132220
C25: Pekerjaan stop kontak lantai bosscom | D25: Ttk | E25: 2 | F25: 345000 | G25: =F25*E25 -> 690000
C26: Pekerjaan stop kontak dinding panasonic | D26: Ttk | E26: 5 | F26: 30000 | G26: =F26*E26 -> 150000
C27: Pekerjaan saklar dinding panasonic | D27: Ttk | E27: 5 | F27: 35000 | G27: =F27*E27 -> 175000
... C29: Pekerjaan service AC ( pindah outdoor, tambah pipa + cuci ) | D29: Unit | E29: 1 | F29: 550000 | G29: =F29*E29 -> 550000
B32: B | C32: PEKERJAAN AREA SELASAR | F32: TOTAL RP: | G32: =SUM(G33:G35) -> 250000
C33: Pekerjaan kabel CCTV cat 5e | D33: M¹ | E33: 25 | F33: 10000 | G33: =F33*E33 -> 250000
B36: C | C36: PEKERJAAN AREA TOILET / FITNES | F36: TOTAL RP: | G36: =SUM(G37:G42) -> 1260000
C37: Pekerjaan cat plitur kusen dan pintu fitnes | D37: Unit | E37: 1 | F37: 75000 | G37: =F37*E37 -> 75000
C38: Pekerjaan cat plitur kusen dan pintu toilet | D38: Unit | E38: 8 | F38: 75000 | G38: =F38*E38 -> 600000
C39: Pekerjaan cat plitur frame cermin | D39: Unit | E39: 1 | F39: 35000 | G39: =F39*E39 -> 35000
C40: Pekerjaan kabel CCTV cat 5e | D40: M¹ | E40: 55 | F40: 10000 | G40: =F40*E40 -> 550000
B43: D | C43: PEKERJAAN LAIN-LAIN | G43: =SUM(G44:G45) -> 0
B46: E | C46: PEKERJAAN AREA KOLAM | G46: =SUM(G47:G51) -> 748340
C47: Pekerjaan perbaikan retakan gavel kolam | D47: Ls | E47: 1 | F47: 50000 | G47: =F47*E47 -> 50000
C48: Pekerjaan perbaikan retakan gutter kolam | D48: Ls | E48: 1 | F48: 50000 | G48: =F48*E48 -> 50000
C49: Pekerjaan cat lantai sekitar kolam sisi selatan | D49: M² | E49: 24.9 | F49: 22000 | G49: =F49*E49 -> 547800
C50: Pekerjaan cat lantai sekitar kolam sisi timur arah selasar | D50: M² | E50: 4.57 | F50: 22000 | G50: =F50*E50 -> 100540
B52: F | C52: PEKERJAAN AREA TAMAN | G52: =SUM(G53:G62) -> 9625000
C53: Pekerjaan kabel lampu taman NYY 2 x 1.5 | D53: M¹ | E53: 55 | F53: 15000 | G53: =F53*E53 -> 825000
C54: Pekerjaan kabel,fiting, lampu gazebo panasonic | D54: Ttk | E54: 1 | F54: 75000 | G54: =F54*E54 -> 75000
C55: Pekerjaan box panel lampu taman | D55: Ttk | E55: 1 | F55: 400000 | G55: =F55*E55 -> 400000
C56: Pekerjaan gazebo kayu kelapa | D56: Ls | E56: 1 | F56: 7000000 | G56: =F56*E56 -> 7000000
C57: Pekerjaan penutup ground tank ( pompa & filter kolam ) | D57: M² | E57: 1 | F57: 600000 | G57: =F57*E57 -> 600000
C58: Pekerjaan penutup ground tank 1 | D58: M² | E58: 1 | F58: 500000 | G58: =F58*E58 -> 500000
C59: Pekerjaan pencabutan pohon palm & penanaman kembali | D59: Btg | E59: 1 | F59: 150000 | G59: =F59*E59 -> 150000
C60: Pekerjaan pemotongan akar pohon | D60: Btg | E60: 1 | F60: 75000 | G60: =F60*E60 -> 75000
F64: TOTAL RP: | G64: =SUM(G63,G52,G46,G43,G36,G32,G15) -> 15066640
C68: REAL COST | G68: =G64 -> 15066640
C69: OPERASIONAL DAN LOGISTIC | E69: 0 | G69: =G68*E69 -> 0
C70: PPn | E70: 0 | G70: =E70*G68 -> 0
C71: JUMLAH | G71: =SUM(G70+G69+G68) -> 15066640
C72: DIBULATKAN | G72: =ROUNDDOWN(G71,-3) -> 15066000
C74: TERBILANG : # LIMA BELAS JUTA ENAM PULUH ENAM RIBU RUPIAH #
C76: CATATAN :
C77: TIDAK TERMASUK PENGURUSAN IMB & PERIJINAN LAINYA
C78: TIDAK TERMASUK PPN, PPH, PUNGUTAN & PAJAK LAINYA
C79: JANGKA WAKTU PELAKSANAAN 30 HARI KERJA
C80: GARANSI PERBAIKAN BERLAKU 1 ( SATU ) TAHUN
C81: DOWNPAYMENT DAN PEMBAYARAN BERIKUTNYA SESUAI PROGRES PEKERJAAN
C82: PEMBAYARAN MELALUI BANK TRANSFER ( BCA 3991265706 An. YASTIKO ARNO )
C86: HORMAT KAMI | E86: MENYETUJUI | H86: MENGETAHUI
C92: Pemborong / Contractor | E92: Estate | H92: Estate

Sheet NOTA-Negoisasi-Parung-Panjang
B1: Nomor | C1: : 007/CYB/NH/EM-CII/06/2024 | H1: ='RAB-Parung-Panjang (L-1)'!G2 -> Jakarta 18 Juni 2024
B2: Lampiran | C2: : -
B3: Hari/Tanggal | C3: : ...............
B4: Tempat | C4: :
B5: Agenda | C5: : Pekerjaan Kost Parung Panjang
B6: Peserta | C6: :
C7: :
C8: :
C9: :
B11: NOTA KESEPAKATAN
B13: KEPUTUSAN & KESEPAKATAN
B15: 1. Kesepakatan harga dari penawaran tertanggal ................/........................./2024
B16: *
B17: *
B18: *
B19: 2. Scope pekerjaan
B20: *
B21: *
B22: *
B23: *
B24: *
... B52: PENGESAHAN
B55: Yastiko Arno | E55: Mengetahui | I55: Menyetujui
B60: Yastiko Arno | E60: Estate | I60: Estate
B61: +62818811089

Sheet BAST-Parung-Panjang
B1: Nomor | C1: : 007/CYB/PRE/EM-CII/VI/2024 | G1: ='RAB-Parung-Panjang (L-1)'!G2 -> Jakarta 18 Juni 2024
B2: Lampiran | C2: : -
B3: Kepada Yth | C3: : PREMIER PAVILION
C4: : Up. Bpk YAMIN
B5: Nomor Telp | C5: : 081xxxxxxx
B6: Perihal | C6: : Berita Acara
B9: BERITA ACARA
B10: PEKERJAAN RENOVASI CLUB HOUSE
B12: Pada hari ini tiga puluh satu agustus dua ribu dua puluh tiga kami yang bertanda tangan di bawah ini :
B14: 1 | C14: Nama | D14: : Yastiko Arno
C15: Perusahaan | D15: :
C16: Alamat | D16: : Jln. Warung Gantung Rawalele Rt 003 Rw 010
D17: : Blok C No 120-121 Kalideres, Jakarta Barat
B18: Selanjutnya di sebut Pihak Pelaksana Pekerjaan
B20: 2 | C20: Nama | D20: : Bpk. Yamin
C21: Perusahaan | D21: :
C22: Alamat | D22: : Premier Pavilion, Pegadungan, Kalideres
D23: : Kalideres, Jakarta Barat
B25: Selanjutnya di sebut Pihak Pemberi Kerja
B27: Telah Mengadakan Pemeriksaan Bersama Atas Penyelesaian Pekerjaan Pada :
B28: Pekerjaan | D28: : Renovasi Club House
B29: Lokasi | D29: : Premier Pavilion ( Club House )
B30: Dilaksanakan oleh | D30: : Yastiko Arno
B31: Spk No | D31: :
B32: Pekerjaan di mulai | D32: : 14 Juli 2023
B33: Pekerjaan selesai | D33: : 31 Agustus 2023
B34: Total Harga | D34: : 122.225.000,00
B35: Pembayaran I ( Sudah di Bayarkan ) | D35: : 36.000.000,00
B36: Pembayaran II ( Sudah di Bayarkan ) | D36: : 50.000.000,00
B37: Pembayaran III ( Sudah di Bayarkan ) | D37: : 25.000.000,00
B38: Pembayaran IV ( Belum di Bayarkan ) | D38: : 11.225.000,00
B40: Berdasarkan hasil pemeriksaan dan checklist di lapangan,dengan ini dinyatakan bahwa
B41: pekerjaan tersebut di atas dinyatakan telah selesai,maka dengan ini pihak PELAKSANA
B42: PEKERJAAN menyerahkan pekerjaan tersebut kepada pihak PEMBERI KERJA dan pihak
B43: pemberi kerja kemudian bisa menerima pekerjaan tersebut dengan baik
B45: Demikian berita acara ini di buat rangkap untuk bisa di pergunakan sesuai ketentuan
B48: PELAKSANA PEKERJAAN | D48: MENGETAHUI | H48: PEMBERI KERJA
B54: YASTIKO ARNO | D54: ESTATE | H54: PREMIER PAVILION
B55: (+62 8782-5735-653)

Sheet GARANSI-Parung-Panjang
A1: SURAT GARANSI
A2: RENOVASI KOST PARUNG PANJANG
A3: Tanggal 18 Juni 2024
B6: NO : 007/CYB/PRE/VI/2024
B8: Yang bertanda tangan di bawah ini :
B10: Nama | C10: : Yastiko Arno
B12: Jabatan | C12: : Kontraktor
B14: Alamat | C14: : Jln. Warung Gantung Rawalele Rt 003 Rw 010 Blok C No 120-121
C15: Kel. Kalideres Kec. Kalideres Jakarta Barat 11840
B17: Sebagai penyedia jasa kontraktor dan aplikasi renovasi ................., menyatakan bahwa kondisi
B18: matrial-matrial yang kami berikan kepada :
B20: Nama pemberi kerja | C20: : Bp XYZ ( ................... )
B22: Atas pekerjaan aplikasi renovasi ............... dengan
B23: keterangan sebagai berikut :
B25: Lokasi | C25: : Parung Panjang
C26: : ( CLUB HOUSE )
B27: Material | C27: : Terlampir dalam berkas
C28: : BOQ tanggal 19 Juni 2024
B30: Luas pekerjaan | C30: : Terlampir dalam berkas
C31: : arsitektur
B33: Adalah sesuai serta diaplikasi dengan sebaik baiknya sesuai prosedur
B35: Dengan ini kami menjamin ,
B37: Aplikasi pekerjaan dari kami selama 1 (satu) tahun untuk pekerjaan renovasi
B38: yang telah terpasang / dilaksanakan di area kost parung panjang
B40: Dengan Jaminan :
B42: GARANSI berupa gratis jasa aplikator untuk perbaikan jika terjadi kerusakan
B43: ( sesuai dengan syarat dan ketentuan berlaku )
B45: Syarat dan Ketentuan :
B47: 1. Pengajuan klaim garansi hanya berlaku apabila garansi di sertakan dengan bukti-bukti
B48: pembayaran dan berkas tersebut harus dalam keadaan baik
B49: 2. Surat garansi berlaku hingga terjadi 1 (satu) tahun sejak tanggal surat garansi di terbitkan
B50: dan di tanda tangani kedua belah pihak
... B56: bencana alam, kerusuhan , kebakaran) garansi tidak di tanggung oleh pihak kontraktor dan aplikator terkait
B61: HORMAT KAMI | H61: DISETUJUI
B67: YASTIKO ARNO | H67: SAN PROPERTY / PARUNG PANJANG

Sheet INV-Parung-Panjang-San-Pro
B1: Invoice
B3: YASTIKO ARNO | C3: Invoice No. | D3: CYB.PRE.007/06/2024
B4: Jln. Warung Gantung Rawalele Rt 03 / Rw 10 Blok C No 120-121 Kelurahan Kalideres | C4: Bill To | D4: SAN PROPERTY / PARUNG PANJANG
B5: Kecamatan Kalideres, Jakarta Barat 11840 | D5: Bpk. ( SANTOSO )
C6: Address
B8: Phone : 0878-2573-5653 | D8: ( Pekerjaan Renovasi )
B9: Web Site : https://pulangkerumah.business.blog/ | C9: Phone | D9: 081xxx
B10: E-Mail : cyberealestatebusiness@gmail.com | C10: E-Mail
B12: Lampiran : | C12: Deposit Received
B13: ='RAB-Parung-Panjang (L-1)'!G2 -> Jakarta 18 Juni 2024 | C13: Invoice Subtotal
C14: Tax Rate | D14: 0
C15: Invoice Total | D15: =D33 -> 0
C16: Total Amount Due | D16: 0
C17: Amount Paid | D17: 0
B19: Date | C19: Description | D19: Amount
B22: DD / MM / 2024 ( CEK No EC xxxxxx ) | C22: PEMBAYARAN 1 RENOVASI | D22: 0
C23: Sudah di Bayarkan
B24: DD / MM / 2024 ( CEK No EC xxxxxx ) | C24: PEMBAYARAN 2 RENOVASI | D24: 0
C25: Sudah di Bayarkan
B26: DD / MM / 2024 ( CEK No EC xxxxxx ) | C26: PEMBAYARAN 3 RENOVASI | D26: 0
C27: Sudah di Bayarkan
B28: DD / MM / 2024 ( CEK No EC xxxxxx ) | C28: PEMBAYARAN 4 RENOVASI | D28: 0
C29: Belum di Bayarkan
C31: Sub Total | D31: =SUM(D20:D30) -> 0
C32: Tax | D32: 0
C33: Total | D33: =D31+D32 -> 0
B38: Pembayaran untuk invoice ini bisa cash atau ditransfer ke rekening
B39: Bank BCA Cab. Citra Garden 1
B40: No. Rekening : 399-1265706 A.N : YASTIKO ARNO
B45: Hormat Kami | C45: Mengetahui | D45: Menyetujui
B51: YASTIKO ARNO | C51: ESTATE | D51: =D4 -> SAN PROPERTY / PARUNG PANJANG

Sheet INV-Parung-Panjang-Add
B1: Invoice
B3: YASTIKO ARNO | C3: Invoice No. | D3: CYB.PRE.007/06/2024
B4: Jln. Warung Gantung Rawalele Rt 03 / Rw 10 Blok C No 120-121 Kelurahan Kalideres | C4: Bill To | D4: SAN PROPERTY / PARUNG PANJANG
B5: Kecamatan Kalideres,Jakarta Barat 11840 | D5: Bpk. ( SANTOSO )
C6: Address
B8: Phone : 0878-2573-5653 | D8: ( Pekerjaan Additional Renovasi )
B9: Web Site : https://pulangkerumah.business.blog/ | C9: Phone | D9: 081xxx
B10: E-Mail : cyberealestatebusiness@gmail.com | C10: E-Mail
B12: Lampiran : | C12: Deposit Received
B13: ='RAB-Parung-Panjang (L-1)'!G2 -> Jakarta 18 Juni 2024 | C13: Invoice Subtotal
C14: Tax Rate | D14: 0
C15: Invoice Total | D15: =D33 -> 0
C16: Total Amount Due | D16: 0
C17: Amount Paid | D17: 0
B19: Date | C19: Description | D19: Amount
B22: DD / MM / 2024 ( CEK No EC xxxxxx ) | C22: PEMBAYARAN ADD RENOVASI | D22: 0
C23: ADDITIONAL
C24: Belum di bayarkan
C31: Sub Total | D31: =SUM(D20:D30) -> 0
C32: Tax | D32: 0
C33: Total | D33: =D31+D32 -> 0
B38: Pembayaran untuk invoice ini bisa cash atau ditransfer ke rekening
B39: Bank BCA Cab. Citra Garden 1
B40: No. Rekening : 399-1265706 A.N : YASTIKO ARNO
B45: Hormat Kami | C45: Mengetahui | D45: Menyetujui
B51: YASTIKO ARNO | C51: ESTATE | D51: =D4 -> SAN PROPERTY / PARUNG PANJANG
